 Dungeon Crawl Stone Soup version 0.23.1 (webtiles) character file.

Game seed: 1554482083537217874

208 HEYYEYAAE the Bolt Thrower (level 5, -11/36 HPs)
             Began as an Octopode Hunter on Mar 3, 2019.
             Mangled by a gnoll
             ... wielding a +0 whip of electrocution
              (19 damage)
             ... on level 3 of the Dungeon.
             The game lasted 00:04:11 (2500 turns).

HEYYEYAAE the Bolt Thrower (Octopode Hunter)        Turns: 2500, Time: 00:04:12

Health: -11/36     AC:  1    Str: 11    XL:     5   Next: 86%
Magic:  5/5        EV: 14    Int: 13    God:
Gold:   74         SH:  0    Dex: 14    Spells: 4/4 levels left

rFire    . . .     SeeInvis .   b - +0 dagger (venom)
rCold    . . .     Gourm    .   (no shield)
rNeg     + . .     Faith    .   (helmet restricted)
rPois    .         Spirit   .   (no amulet)
rElec    .         Reflect  .   j - ring of positive energy
rCorr    .         Harm     .   (no ring)
MR       .....                  (no ring)
Stlth    +++.......             (no ring)
HPRegen  0.12/turn              (no ring)
MPRegen  0.09/turn              (no ring)
                                (no ring)
                                (no ring)

@: no status effects
A: almost no armour, stealthy swim, amphibious, 8 rings, constrict 8, camouflage
1, gelatinous body 1
a: no special abilities


You were on level 3 of the Dungeon.
You were very hungry.

You visited 1 branch of the dungeon, and saw 4 of its levels.

You collected 74 gold pieces.

Inventory:

Hand Weapons
 a - a +1 hand crossbow
 b - a +0 dagger of venom (weapon)
 k - a +2 vampiric rapier
 n - a +0 short sword
Missiles
 c - 11 bolts
Jewellery
 j - a ring of positive energy (left tentacle)
Scrolls
 e - a scroll of identify
 f - a scroll of teleportation {unknown}
 h - a scroll of magic mapping {unknown}
 i - a scroll of blinking
 o - a scroll of enchant weapon {unknown}
Potions
 g - a potion of agility {unknown}
Comestibles
 d - 4 rations


   Skills:
 * Level 3.5 Fighting
 * Level 4.9 Crossbows
 * Level 3.5 Dodging
 + Level 3.1 Stealth


You had 4 spell levels left.
You didn't know any spells.
Your spell library was empty.

Dungeon Overview and Level Annotations

Branches:
Dungeon (4/15)
 Temple: D:4-7

Altars:


Innate Abilities, Weirdness & Mutations

You cannot wear most types of armour.
You are very stealthy in the water. (Stealth+)
You are amphibious.
You can wear up to eight rings at the same time.
You can use your tentacles to constrict eight enemies at once.
Your skin changes colour to match your surroundings (Stealth+).
Your rubbery body absorbs attacks. (AC +1, EV +1)


Message History

You hit the gnoll. You grab the gnoll.
The gnoll is moderately wounded.
You constrict the gnoll.
The gnoll escapes!
You closely miss the gnoll. You grab the gnoll. You constrict the gnoll.
The gnoll completely misses you. The gnoll hits you with a +0 club!
* * * LOW HITPOINT WARNING * * *
You hit the gnoll but do no damage.
The gnoll is lightly wounded.
You constrict the gnoll, but do no damage.
The gnoll barely misses you. The gnoll hits you with a +0 club.
* * * LOW HITPOINT WARNING * * *
You release your grip on the gnoll.
Okay, then.
You hit the gnoll.
The gnoll is poisoned.
Your grab misses the gnoll.
The gnoll is heavily wounded.
The gnoll hits you with a +0 whip of electrocution.
* * * LOW HITPOINT WARNING * * *
You are electrocuted!!
Ouch! That really hurt!
You die...

#)###.#...#
#.).#.#.###
###...#.# ###
#....##.# ..#
####.##.##.# #..
#.o.o##....######..#
..#######..##......#
..............###.#
#########....#gg@.#
# ##.#.l.#### #
##....### ###
##.....########. !..
..$.......l.......
###
##.#.#####..#####.
..# #.#. ##..# #.. .
.. #.... . . .##
####..


You could see 2 gnolls and a leopard gecko.

Vanquished Creatures
  An orc priest (D:3)
  2 gnolls
  6 adders
  An ooze (D:2)
  A worm (D:2)
  3 dart slugs
  7 orcs (D:3)
  2 ball pythons
  11 bats
  A giant cockroach (D:1)
  6 goblins
  9 hobgoblins
  8 jackals
  14 kobolds
  7 frilled lizards
  8 rats
87 creatures vanquished.

Notes
Turn   | Place    | Note
-------+----------+-------------------------------------------
     0 | D:1      | HEYYEYAAE the Octopode Hunter began the quest for the Orb.
     0 | D:1      | Reached XP level 1. HP: 14/14 MP: 1/1
   354 | D:1      | Reached XP level 2. HP: 19/19 MP: 2/2
   687 | D:1      | Reached XP level 3. HP: 25/25 MP: 3/3
  1121 | D:2      | Reached XP level 4. HP: 30/30 MP: 4/4
  1913 | D:3      | Reached XP level 5. HP: 36/36 MP: 5/5
  2006 | D:3      | Noticed a sky beast
  2500 | D:3      | Mangled by a gnoll

Skill      XL: |  1  2  3  4  5 |
---------------+----------------+-----
Stealth        | 2 3 |  3.1
Fighting       | 3 |  3.5
Dodging        | 3 |  3.5
Crossbows      | |  4.9

Action                   |  1- 3 |  4- 6 || total
-------------------------+-------+-------++-------
Melee: Short sword       |    63 |    44 ||   107
       Constrict         |    17 |    33 ||    50
       Tentacles         |    10 |    22 ||    32
       Dagger            |       |    72 ||    72
 Fire: Hand crossbow     |     4 |     9 ||    13
  Use: Potion            |       |     7 ||     7
       Scroll            |       |     4 ||     4
 Stab: Sleeping          |     7 |     8 ||    15
       Distracted        |       |     1 ||     1
  Eat: Chunk             |       |     4 ||     4
Armor: Skin              |     5 |     7 ||    12
Dodge: Dodged            |    53 |    89 ||   142
